 Dungeon Crawl Stone Soup version 0.27-a0-109-g416527ed24 (webtiles) character file.

Game seed: 8520926790976679686

74 timneilson the Shield-Bearer (level 4, 0/29 HPs)
             Began as a Gargoyle Fighter on Jan 24, 2021.
             Slain by a goblin (3 damage)
             ... led by Robin
             ... on level 2 of the Dungeon.
             The game lasted 00:02:08 (1685 turns).

timneilson the Shield-Bearer (Gargoyle Fighter)     Turns: 1685, Time: 00:02:08

Health: 0/29       AC: 10    Str: 21    XL:     4   Next: 28%
Magic:  4/4        EV:  7    Int:  8    God:
Gold:   68         SH:  9    Dex:  9    Spells: 3/3 levels left

rFire    . . .     SeeInvis +   a - +0 long sword
rCold    + . .     Faith    .   c - +0 kite shield
rNeg     + . .     Spirit   .   b - +0 scale mail
rPois    ∞         Reflect  .   (no helmet)
rElec    +         Harm     .   (no cloak)
rCorr    .         Rampage  .   (no gloves)
Will     .....                  (no boots)
Stlth    ..........             (no amulet)
HPRegen  0.09/turn              h - ring of see invisible
MPRegen  0.09/turn              o - ring of protection from cold

@: mighty
A: big wings, negative energy resistance 1, electricity resistance, wild magic
1, unbreathing, petrification resistance, miasma immunity, AC +3
a: Fly


You were on level 2 of the Dungeon.
You visited 1 branch of the dungeon, and saw 2 of its levels.

You collected 68 gold pieces.

Inventory:

Hand Weapons
 a - a +0 long sword (weapon)
Armour
 b - a +0 scale mail (worn)
 c - a +0 kite shield (worn)
 k - a +0 tower shield
Jewellery
 h - a ring of see invisible (left hand)
 o - a ring of protection from cold (right hand)
Scrolls
 e - a scroll of magic mapping
Potions
 g - a potion of attraction
 j - a potion of resistance
 n - a potion of flight {unknown}


   Skills:
 + Level 3.7 Fighting
 * Level 2.7 Long Blades
 * Level 3.9 Armour
 * Level 4.0 Shields


You had 3 spell levels left.
You didn't know any spells.
Your spell library was empty.

Dungeon Overview and Level Annotations

Branches:
Dungeon (2/15)

Altars:

Annotations:
D:2 Robin


Innate Abilities, Weirdness & Mutations

You are resistant to torment.
Your stone body is resilient. (AC +3)
You are immune to poison.
You resist negative energy. (rN+)
You are resistant to electric shocks. (rElec)
You can survive without breathing.
You are immune to petrification.
You are immune to miasma.
Your large and strong wings let you fly indefinitely.
Your spells are a little harder to cast, but a little more powerful.


Message History

You closely miss Robin. Robin barely misses you.
The goblin hits you but does no damage. The rat bites you but does no damage.
The goblin hits you but does no damage. You block the goblin's attack.
The hobgoblin closely misses you. You block Robin's attack.
The goblin barely misses you.
Unknown command.
It was a potion of curing.
You feel better. The rat bites you but does no damage.
The goblin hits you but does no damage. The goblin hits you.
* * * LOW HITPOINT WARNING * * *
The hobgoblin barely misses you. You block the goblin's attack.
It was a potion of mutation.
You feel extremely strange.
You feel less in control of your magic.
Your wings grow larger and stronger.
The goblin no longer looks unusually strong.
You block the rat's attack.
Robin laughs in a distinctly smug fashion.
The goblin hits you with a +0 dagger.
* * * LOW HITPOINT WARNING * * *
The goblin hits you.
You die...

..# ..# ....
....###.## ..#
..... ..........
..##. .....
#......... ......
.....##.........
......
...............
......
.............
.<.... ......).g.#
...............g@g#
.......#####...rgg#
.......########.g.#
.......##.........#
.......##.........#
.......##.........#
..................#
............#######
..................#


You could see Robin, a hobgoblin (strong), 4 goblins and a rat.

Vanquished Creatures
  An adder (D:2)
  2 oozes (D:1)
  A dart slug (D:1)
  A leopard gecko (D:2)
  A ball python (D:1)
  3 giant cockroaches (D:1)
  14 goblins
  6 hobgoblins (D:1)
  A quokka (D:2)
  5 bats (D:1)
  4 frilled lizards
  5 kobolds
  4 rats (D:1)
48 creatures vanquished.

Notes
Turn   | Place    | Note
-------+----------+-------------------------------------------
     0 | D:1      | timneilson the Gargoyle Fighter began the quest for the
                  | Orb.
     0 | D:1      | Reached XP level 1. HP: 14/14 MP: 1/1
   233 | D:1      | Reached XP level 2. HP: 11/19 MP: 2/2
   744 | D:1      | Reached XP level 3. HP: 23/23 MP: 3/3
  1416 | D:2      | Reached XP level 4. HP: 27/29 MP: 4/4
  1472 | D:2      | Reached skill level 4 in Shields
  1669 | D:2      | Noticed Robin
  1682 | D:2      | HP: 1/29 [goblin[Robin] (1)]
  1685 | D:2      | Gained mutation: Your spells are a little harder to cast,
                  | but a little more powerful. [potion of mutation]
  1685 | D:2      | Gained mutation: Your large and strong wings let you fly
                  | indefinitely. [potion of mutation]
  1685 | D:2      | Slain by a goblin

Illustrated notes

Levels and vault maps discovered:
D:1:      ebering_trefoil_twist, layout_basic, minmay_cut_off
D:2:      layout_basic, minmay_misc_feat_columns, minmay_octomino_e4, uniq_robin

Skill      XL: |  1  2  3  4 |
---------------+-------------+-----
Long Blades    | 2 |  2.7
Shields        | 4 |  4.0
Fighting       | |  3.7
Armour         | |  3.9

Action                   |  1- 3 |  4- 6 || total
-------------------------+-------+-------++-------
Melee: Long sword        |   111 |    37 ||   148
  Use: Scroll            |     5 |       ||     5
       Potion            |       |     3 ||     3
Armor: Scale mail        |    54 |    57 ||   111
Dodge: Dodged            |    30 |    28 ||    58
Block: Kite shield       |    63 |    64 ||   127
       Rpst.: Long sword |    10 |     6 ||    16

Table legend: (Time is in decaauts)
 A = Elapsed time spent in this place.
 B = Non-inter-level travel time spent in this place.
 C = Inter-level travel time spent in this place.
 D = Time resting spent in this place.
 E = Time spent auto-exploring this place.
 F = Levels seen in this place.
 G = Mean time per level.
                   A        B        C        D        E       F      G
               +--------+--------+--------+--------+--------+-----+--------+
         Total |   1739 |   1713 |     26 |      0 |   1393 |   2 |  869.5 |
       Dungeon |   1739 |   1713 |     26 |      0 |   1393 |   2 |  869.5 |
               +--------+--------+--------+--------+--------+-----+--------+

Top non-repeatable levels by time:
     D:1: 1448 daAuts
     D:2: 290 daAuts
